 Dungeon Crawl Stone Soup version 0.28-a0-1143-gcf6077d4cc (webtiles) character file.

Game seed: 13490413753708066733

11498 Flubbersnuff the Fighter (level 11, -5/79 HPs)
             Began as a Gargoyle Berserker on Dec 13, 2021.
             Was an Elder of Trog.
             Slain by a cane toad simulacrum (8 damage)
             ... in an ice cave on Dec 14, 2021.
             The game lasted 00:59:11 (17514 turns).

Flubbersnuff the Fighter (Gargoyle Berserker)      Turns: 17514, Time: 00:59:13

Health: -5/79      AC: 27    Str: 25    XL:     11   Next: 78%
Magic:  11/11      EV:  7    Int:  8    God:    Trog [****..]
Gold:   794        SH:  0    Dex:  9    Spells: 10/10 levels left

rFire   + . .      SeeInvis .   f - +0 war axe
rCold   + . .      Faith    +   (no shield)
rNeg    + . .      Spirit   .   s - +1 plate armour
rPois   ∞          Reflect  .   p - +0 helmet
rElec   +          Harm     .   e - scarf {rC+ rF+}
rCorr   +          Rampage  .   h - +1 pair of gloves
Will    .....                   a - +2 pair of boots of Yesterday {+Blink Will- rCorr Stlth+}
Stlth   ..........              b - amulet of faith
HPRegen 0.23/turn               (no ring)
MPRegen 0.12/turn               (no ring)

@: on berserk cooldown, slowed, very slow
A: sickness immunity, AC +8, negative energy resistance 1, electricity
resistance, torment resistance 1, petrification resistance
a: Renounce Religion, Evoke Blink, Berserk, Trog's Hand, Brothers in Arms


You were in an ice cave.
You worshipped Trog.
Trog was greatly pleased with you.
You visited 3 branches of the dungeon, and saw 14 of its levels.
You also visited: Ice Cave.

You collected 1594 gold pieces.
You spent 800 gold pieces at shops.

Inventory:

Hand Weapons
 f - a +0 war axe (weapon)
Missiles
 x - 6 poisoned darts (quivered)
Armour
 a - the +2 pair of boots of Yesterday (worn) {+Blink Will- rCorr Stlth+}
   (You bought it in a shop on level 6 of the Dungeon)

   +Blink:    It lets you blink.
   rCorr:     It protects you from acid and corrosion.
   Will:      It decreases your willpower.
   Stlth:     It makes you more stealthy.
 e - a scarf of resistance (worn)
 h - a +1 pair of gloves (worn)
 p - a +0 helmet (worn)
 s - a +1 plate armour (worn)
Jewellery
 b - an amulet of faith (around neck)
Wands
 g - a wand of mindburst (8)
 q - a wand of flame (20)
 y - a wand of acid (8)
Scrolls
 c - 3 scrolls of teleportation
 d - 6 scrolls of enchant armour
 i - 2 scrolls of identify
 j - 2 scrolls of immolation
 k - a scroll of magic mapping
 m - 3 scrolls of enchant weapon
 r - a scroll of fog
 w - a scroll of fear
Potions
 l - a potion of invisibility
 o - a potion of flight
 t - a potion of ambrosia
 u - a potion of lignification {unknown}
 v - 2 potions of might
 A - a potion of haste {unknown}


   Skills:
 + Level 13.9 Fighting
 + Level 12.2 Axes
 - Level 4.0 Armour
 - Level 1.5 Dodging
 - Level 2.0 Stealth


You had 10 spell levels left.
You didn't know any spells.
Your spell library was empty.

Dungeon Overview and Level Annotations

Branches:
Dungeon (12/15)            Temple (1/1) D:6            Lair (1/6) D:10
    Orc (0/2) D:12          IceCv (1/1)

Altars:
Ashenzari
Cheibriados
Dithmenos
Elyvilon
Fedhas
Gozag
Hepliaklqana
Kikubaaqudgha
Makhleb
Nemelex Xobeh
Okawaru
Qazlal
Ru
Sif Muna
Trog
Uskayaw
Vehumet
Wu Jian
Xom
Yredelemnul
Zin
The Shining One

Shops:
D:6 [   D:7 (   D:9 =   D:11 =

Portals:
Trove: D:12 (show slimy rune of Zot)


Innate Abilities, Weirdness & Mutations

You are immune to sickness and miasma.
Your stone body is resilient. (AC +8)
You are immune to poison.
You resist negative energy. (rN+)
You are resistant to electric shocks. (rElec)
You are resistant to unholy torment.
You are immune to petrification.


Message History

The cane toad simulacrum hits you but does no damage.
The polar bear simulacrum bites you. The polar bear simulacrum freezes you.
You resist.
The polar bear simulacrum claws you but does no damage. x2
The elephant simulacrum barely misses you.
The elephant simulacrum trunk-slaps you but does no damage.
You hit the cane toad simulacrum but do no damage.
The cane toad simulacrum is heavily damaged.
You slash the polar bear simulacrum! You hit the elephant simulacrum.
The cane toad simulacrum hits you.
* * * LOW HITPOINT WARNING * * *
The cane toad simulacrum freezes you. You resist.
* * * LOW HITPOINT WARNING * * *
The polar bear simulacrum bites you but does no damage.
The polar bear simulacrum claws you but does no damage. x2
The elephant simulacrum tramples you but does no damage.
The elephant simulacrum trunk-slaps you but does no damage.
The cane toad simulacrum completely misses you.
You barely miss the cane toad simulacrum.
The cane toad simulacrum is heavily damaged.
You hit the elephant simulacrum. You slash the polar bear simulacrum!
The polar bear simulacrum vaporises!
Trog accepts your kill.
The cane toad simulacrum barely misses you.
The elephant simulacrum tramples you but does no damage.
The elephant simulacrum trunk-slaps you but does no damage.
You hit the cane toad simulacrum but do no damage.
The cane toad simulacrum is heavily damaged.
You slash the cane toad simulacrum! You slash the elephant simulacrum!
The cane toad simulacrum hits you.
* * * LOW HITPOINT WARNING * * *
The cane toad simulacrum freezes you. You resist.
* * * LOW HITPOINT WARNING * * *
The cane toad simulacrum hits you but does no damage.
The elephant simulacrum tramples you but does no damage.
The elephant simulacrum trunk-slaps you but does no damage.
The cane toad simulacrum hits you!
* * * LOW HITPOINT WARNING * * *
The cane toad simulacrum freezes you! You resist.
You die...

##...
#...#
...##
#...#
##...##
##.....##
#...∩...#
#....ZZZ#
##..∩.@##
##...##
#####


You could see an elephant simulacrum and 2 cane toad simulacra.

Vanquished Creatures
  Snorg (D:10)
  A two-headed ogre (D:11)
  Urug (D:10)
  Nergalle (D:10)
  2 cyclopes (D:11)
  An ice statue (D:9)
  2 ice devils (D:12)
  2 trolls
  A shadow (D:11)
  7 yaks (D:10)
  2 vampires
  A wyvern (D:9)
  Grum (D:9)
  A steam dragon (D:8)
  Menkaure (D:4)
  An acid dragon (D:11)
  A water moccasin (D:8)
  Duvessa (D:6)
  An ice beast (D:8)
  5 orc warriors
  2 black bears (D:6)
  4 necrophages
  9 centaurs
  An ogre (D:4)
  4 wolves (D:9)
  2 bullfrogs
  2 kobold brigands (D:9)
  A gnoll sergeant (D:10)
  A wyvern zombie (D:6)
  4 scorpions
  A water moccasin zombie (D:6)
  Dowan (D:6)
  5 killer bees (D:10)
  4 wights
  6 howler monkeys
  2 centaur zombies (D:9)
  A lava snake (D:9)
  A bullfrog zombie (D:5)
  3 hounds
  Crazy Yiuf (D:2)
  A bullfrog skeleton (D:5)
  9 orc priests
  A centaur skeleton (D:6)
  2 iguanas
  A human zombie (D:6)
  Ijyb (D:4)
  15 orc wizards
  A polar bear simulacrum (IceCv)
  2 killer bee zombies
  A hound skeleton (D:4)
  2 mummies (D:6)
  A howler monkey zombie (D:9)
  4 gnolls (D:10)
  9 adders
  A worm (D:3)
  4 dart slugs
  34 orcs
  2 ball pythons
  9 endoplasms
  3 giant cockroaches
  10 goblins
  8 hobgoblins
  3 jackals (D:1)
  15 kobolds
  4 quokkas
  7 bats
  5 frilled lizards
  A quokka skeleton (D:4)
  9 rats
254 creatures vanquished.

Vanquished Creatures (others)
  2 plants (D:5)
2 creatures vanquished.

Grand Total: 256 creatures vanquished

Notes
Turn   | Place    | Note
-------+----------+-------------------------------------------
     0 | D:1      | Flubbersnuff the Gargoyle Berserker began the quest for the
                  | Orb.
     0 | D:1      | Reached XP level 1. HP: 14/14 MP: 1/1
   454 | D:1      | Reached XP level 2. HP: 19/19 MP: 2/2
   888 | D:1      | Found a faded altar of an unknown god.
   941 | D:1      | Reached XP level 3. HP: 23/23 MP: 3/3
  1063 | D:1      | Reached ** piety under Trog
  1804 | D:2      | Reached XP level 4. HP: 26/28 MP: 4/4
  1950 | D:2      | Found a runed translucent door.
  1951 | D:2      | Noticed Crazy Yiuf
  1963 | D:2      | Killed Crazy Yiuf
  2521 | D:2      | Found a glowing golden altar of the Shining One.
  2901 | D:3      | Reached XP level 5. HP: 32/32 MP: 5/5
  3678 | D:4      | Reached skill level 4 in Fighting
  3693 | D:4      | Reached XP level 6. HP: 35/38 MP: 6/6
  3727 | D:4      | Reached skill level 5 in Axes
  4076 | D:4      | Reached *** piety under Trog
  4088 | D:4      | Noticed Menkaure
  4266 | D:4      | Killed Menkaure
  4267 | D:4      | Reached skill level 5 in Fighting
  4267 | D:4      | Reached XP level 7. HP: 44/44 MP: 7/7
  4453 | D:4      | Noticed Ijyb
  4472 | D:4      | Killed Ijyb
  4707 | D:5      | Entered Level 5 of the Dungeon
  4980 | D:5      | Identified the +5 short sword "Noaqomav" {vorpal, SInv}
  5007 | D:5      | Found a bloodstained altar of Trog.
  5007 | D:5      | Found an iron altar of Okawaru.
  5007 | D:5      | Found a sparkling altar of Nemelex Xobeh.
  5054 | D:5      | Found a broken altar of Ashenzari.
  5294 | D:5      | Reached skill level 6 in Fighting
  5331 | D:5      | Reached skill level 1 in Stealth
  6191 | D:6      | Identified a scroll of acquirement
  6191 | D:6      | Acquired 1030 gold pieces
  6210 | D:6      | Reached XP level 8. HP: 52/52 MP: 8/8
  6824 | D:6      | Reached skill level 7 in Fighting
  7450 | D:6      | Found a staircase to the Ecumenical Temple.
  7883 | D:6      | Noticed Duvessa
  7908 | D:6      | Killed Duvessa
  7909 | D:6      | Reached skill level 8 in Fighting
  7995 | D:6      | Noticed Dowan
  8003 | D:6      | Killed Dowan
  8004 | D:6      | Reached XP level 9. HP: 58/60 MP: 9/9
  8013 | D:6      | Found a hide-covered altar of Uskayaw.
  8101 | D:6      | Found Gidal's Antique Armour Shop.
  8106 | Temple   | Entered the Ecumenical Temple
  8205 | D:6      | Bought a pair of shimmering boots for 304 gold pieces
  8205 | D:6      | Identified the +2 pair of boots of Yesterday {+Blink Will-
                  | rCorr Stlth+} (You bought it in a shop on level 6 of the
                  | Dungeon)
  8205 | D:6      | Bought a glowing scarf for 256 gold pieces
  8205 | D:6      | Bought a pair of glowing gloves for 240 gold pieces
  8501 | D:6      | Noticed a troll
  8517 | D:6      | Killed a troll
  8611 | D:6      | Reached skill level 9 in Fighting
  8696 | D:6      | Found a basalt altar of Yredelemnul.
  9524 | D:7      | Reached **** piety under Trog
  9536 | D:7      | Reached skill level 10 in Fighting
  9632 | D:7      | You fall into a shaft and drop 3 floors!
  9632 | D:10     | Entered Level 10 of the Dungeon
  9681 | D:9      | Noticed an ice statue
  9810 | D:9      | Noticed Grum
  9820 | D:9      | Reached XP level 10. HP: 68/68 MP: 10/10
  9828 | D:9      | Killed Grum
 10335 | D:9      | Killed an ice statue
 10336 | D:9      | Reached skill level 11 in Fighting
 10786 | D:7      | Found Doismiukk's Weapon Boutique.
 11146 | D:7      | Found a sacrificial altar of Ru.
 11162 | D:7      | Found a burning altar of Makhleb.
 11377 | D:8      | Reached skill level 10 in Axes
 12712 | D:9      | Found Wocrya's Jewellery Shoppe.
 13434 | D:10     | Noticed Nergalle
 13773 | D:10     | Noticed a spectral orc warlord
 13773 | D:10     | Killed Nergalle
 13774 | D:10     | Reached skill level 12 in Fighting
 13896 | D:10     | Noticed Snorg
 13914 | D:10     | Killed Snorg
 14237 | D:10     | Reached XP level 11. HP: 76/76 MP: 11/11
 15171 | D:10     | Noticed Urug
 15184 | D:10     | Killed Urug
 15185 | D:10     | Reached skill level 13 in Fighting
 15320 | D:10     | Found a staircase to the Lair.
 15326 | Lair:1   | Entered Level 1 of the Lair of Beasts
 15973 | D:11     | Noticed a cyclops
 16169 | D:11     | Killed a cyclops
 16662 | D:11     | Noticed a cyclops
 16675 | D:11     | Killed a cyclops
 16815 | D:11     | Noticed a two-headed ogre
 16824 | D:11     | Killed a two-headed ogre
 17156 | D:11     | Found Wafiudda's Jewellery Shoppe.
 17265 | D:12     | Found a portal to a secret trove of treasure.
 17425 | D:12     | Noticed a boulder beetle
 17479 | D:12     | Found a frozen archway.
 17505 | IceCv    | Entered an ice cave
 17514 | IceCv    | HP: 3/79 [cane toad simulacrum (7)]
 17514 | IceCv    | Slain by a cane toad simulacrum

Illustrated notes

Levels and vault maps discovered:
D:1:      evilmike_arrival_rings, layout_loops_ring,
          chequers_ecumenical_altar_grove, minmay_pentomino_w4
D:2:      layout_loops_ring, serial_aquarium, aquarium_bridge_square
          [aquarium_subvault_bridge, aquarium_subvault_bridge,
          aquarium_subvault_wall, aquarium_subvault_window], aquarium_window_2,
          aquarium_window_corridor_1, aquarium_window_fake, aquarium_window_1,
          aquarium_view_2d, basic_altar, minmay_misc_feat_enclosed,
          uniq_crazy_yiuf_cottage
D:3:      layout_basic, chequers_serial_rivers_room_a
D:4:      layout_basic, uniq_ijyb, uniq_menkaure
D:5:      layout_rooms, mainiacjoe_overflow_six_doors_small,
          gammafunk_temple_overflow_forgotten, serial_glass, glass_columns_b,
          glass_columns_a, minmay_holes, chequers_jeans
D:6:      layout_cave_pods, lemuel_coloured_pillars_altar,
          lemuel_mausoleum_altar_yredelemnul,
          minmay_temple_entry_statues_pillars, serial_shops, shop, uniq_duvessa
D:7:      layout_basic, mainiacjoe_overflow_swirl, serial_shops, shop_statue,
          st_stairs_2
D:8:      layout_loops_cross, minmay_circle_x
D:9:      layout_loops_cross, serial_shops, shop_fountains,
          hangedman_decor_opposing, kennysheep_path_1, grunt_ministairs_11,
          minivault_16, kennysheep_boxes, uniq_grum
D:10:     layout_grid_maze, lair_entry_dummy, uniq_snorg, uniq_nergalle,
          uniq_urug
D:11:     layout_stronghold, serial_shops, nicolae_shop_window_shopping,
          grunt_ministairs_9
D:12:     layout_basic, zombieorc2_lemuel, portal_ice_cave_demonic_guard,
          nicolae_trove_entry_free_sample, minmay_checkered_concentric_circles,
          uniq_nessos
Temple:   zaba_magenta_temple
Lair:1:   layout_cave_shapes, evilmike_ambush [evilmike_ambush_outer_basic,
          evilmike_ambush_inner_cross], grunt_megastairs_4
IceCv:    ice_cave_small_necro

Skill      XL: |  1  2  3  4  5  6  7  8  9 10 11 |
---------------+----------------------------------+-----
Axes           | 3 4 5 6 7 9 11 12 | 12.2
Armour         | 3 4 |  4.0
Fighting       | 4 5 6 8 10 12 13 | 13.9
Stealth        | 2 |  2.0
Dodging        | |  1.5

Action                   |  1- 3 |  4- 6 |  7- 9 | 10-12 || total
-------------------------+-------+-------+-------+-------++-------
Melee: Hand axe          |   138 |   157 |   276 |       ||   571
       Unarmed           |       |       |    11 |       ||    11
       War axe           |       |       |   167 |   411 ||   578
Throw: Stone             |    42 |    11 |       |       ||    53
       Dart              |       |       |    15 |     9 ||    24
Invok: Berserk           |     2 |     2 |    10 |    10 ||    24
 Abil: Evoke Blink       |       |       |     1 |       ||     1
Evoke: Wand              |       |     3 |       |     6 ||     9
  Use: Scroll            |       |       |    13 |     8 ||    21
       Potion            |       |       |       |     2 ||     2
Armor: Animal skin       |     6 |       |       |       ||     6
       Leather armour    |    48 |    38 |       |       ||    86
       Plate armour      |       |    37 |   326 |   455 ||   818
       Chain mail        |       |    14 |       |       ||    14
       Skin              |       |       |     1 |       ||     1
Dodge: Dodged            |    69 |    74 |   139 |   189 ||   471

Table legend: (Time is in decaauts)
 A = Elapsed time spent in this place.
 B = Non-inter-level travel time spent in this place.
 C = Inter-level travel time spent in this place.
 D = Time resting spent in this place.
 E = Time spent auto-exploring this place.
 F = Levels seen in this place.
 G = Mean time per level.
                   A        B        C        D        E       F      G
               +--------+--------+--------+--------+--------+-----+--------+
         Total |  17759 |  16682 |   1077 |   6058 |   6519 |  15 | 1183.9 |
       Dungeon |  17668 |  16609 |   1059 |   6058 |   6469 |  12 | 1472.3 |
        Temple |     73 |     55 |     18 |      0 |     50 |   1 |   73.0 |
          Lair |      4 |      4 |      0 |      0 |      0 |   1 |    4.0 |
      Ice Cave |     12 |     12 |      0 |      0 |      0 |   1 |   12.0 |
               +--------+--------+--------+--------+--------+-----+--------+

Top non-repeatable levels by time:
    D:10: 2630 daAuts
     D:6: 2394 daAuts
     D:9: 2162 daAuts
     D:5: 1836 daAuts
     D:1: 1729 daAuts
     D:7: 1296 daAuts
    D:11: 1205 daAuts
     D:2: 1195 daAuts
     D:4: 1048 daAuts
     D:8: 1028 daAuts
     D:3: 894 daAuts
    D:12: 245 daAuts
  Temple: 73 daAuts
   IceCv: 12 daAuts
  Lair:1: 4 daAuts
